 Dungeon Crawl Stone Soup version 0.30-a0-691-g754fce4c43 (webtiles) character file.

Game seed: 14280662720520756675

2999 Strat the Carver (level 9, 0/74 HPs)
             Began as a Yellow Draconian Reaver on Jan 20, 2023.
             Was a Priest of Okawaru.
             Succumbed to a killer bee's poison
             ... on level 8 of the Dungeon.
             The game lasted 00:19:22 (8673 turns).

Strat the Carver (Yellow Draconian Reaver)          Turns: 8673, Time: 00:19:23

Health: 0/74       AC:  8    Str: 14    XL:     9   Next: 54%
Magic:  12/12      EV: 17    Int: 14    God:    Okawaru [***...]
Gold:   516        SH:  0    Dex: 26    Spells: 3/12 levels left

rFire   . . .      SeeInvis .    b - +0 great sword
rCold   . . .      Faith    .    (shield currently unavailable)
rNeg    . . .      Spirit   .    (body armour unavailable)
rPois   .          Reflect  .    (helmet restricted)
rElec   .          Harm     .    (no cloak)
rCorr   +          Rampage  .    (no gloves)
Will    .....                    c - +0 pair of boots
Stlth   ++                       (no amulet)
HPRegen 0.32/turn                j - +6 ring of dexterity
MPRegen 0.13/turn                p - +6 ring of dexterity

@: lethally poisoned (0 -> -8), hasted, very quick
A: spit acid, AC +7, unfitting armour, cold-blooded, acid resistance
a: Breathe Acid, Renounce Religion, Heroism


You were on level 8 of the Dungeon.
You worshipped Okawaru.
Okawaru was most pleased with you.
You visited 2 branches of the dungeon, and saw 9 of its levels.

You collected 516 gold pieces.

Inventory:

Hand Weapons
 a - a +0 falchion
 b - a +0 great sword (weapon)
 y - a +0 long sword
Missiles
 h - a throwing net
Armour
 c - a +0 pair of boots (worn)
Jewellery
 f - a ring of fire
 g - an amulet of regeneration
 j - a +6 ring of dexterity (left hand)
 p - a +6 ring of dexterity (right hand)
 u - a ring of protection from cold
Wands
 v - a wand of iceblast (12)
 w - a wand of polymorph (6)
Scrolls
 k - 2 scrolls of amnesia
 l - 3 scrolls of poison
 x - a scroll of teleportation
 A - a scroll of identify
Potions
 d - 5 potions of flight
 e - 2 potions of brilliance
 i - 2 potions of ambrosia
 n - a potion of attraction {unknown}
 o - a potion of might {unknown}
 r - 2 potions of magic {unknown}
 s - 2 potions of lignification {unknown}
 t - a potion of heal wounds {unknown}
 z - a potion of mutation {unknown}


   Skills:
 - Level 5.0 Fighting
 + Level 9.8 Long Blades
 + Level 5.6 Dodging
 - Level 2.0 Spellcasting
 + Level 6.4 Conjurations
 - Level 1.0 Ice Magic
 - Level 2.0 Earth Magic


You had 3 spell levels left.
You knew the following spells:

 Your Spells              Type           Power      Damage    Failure   Level
a - Kiss of Death         Conj/Necr      40%        2d8       6%          1
b - Momentum Strike       Conj/Tloc      20%        3d8       10%         2
c - Hailstorm             Conj/Ice       11%        3d5       16%         3
d - Stone Arrow           Conj/Erth      26%        3d8       13%         3

Your spell library contained the following spells:

 Spells                   Type           Power      Damage    Failure   Level
 Lesser Beckoning         Tloc           2%         N/A       34%         2
 Gell's Gravitas          Tloc           1%         N/A       56%         3
 Teleport Other           Tloc           1%         N/A       56%         3
 Lehudib's Crystal Spear  Conj/Erth      6%         10d3      100%        8
 Animate Armour           Summ/Erth      Unusable   N/A       N/A         4

Dungeon Overview and Level Annotations

Branches:
Dungeon (8/15)             Temple (1/1) D:4
   Lair: D:8-11

Altars:
Ashenzari
Cheibriados
Dithmenos
Elyvilon
Fedhas
Gozag
Hepliaklqana
Kikubaaqudgha
Makhleb
Nemelex Xobeh
Okawaru
Qazlal
Ru
Sif Muna
Trog
Uskayaw
Vehumet
Wu Jian
Xom
Yredelemnul
Zin
The Shining One

Shops:
D:1 :

Annotations:
D:3 2 runed translucent doors, Darius099's ghost, amateur TrBe
D:6 Sigmund
D:7 2 runed translucent doors, ryw's ghost, novice GrFi
D:8 Maurice


Innate Abilities, Weirdness & Mutations

You can spit globs of acid.
Your golden yellow scales are hard. (AC +7)
You cannot fit into any form of body armour.
You are cold-blooded and may be slowed by cold attacks.
You are resistant to acid. (rCorr)


Message History

* * * LOW HITPOINT WARNING * * *
You barely miss the killer bee.
The killer bee is almost dead.
The killer bee barely misses you. The killer bee misses you.
The killer bee stings you!
* * * LOW HITPOINT WARNING * * *
You are poisoned.
The killer bee poisons you!
You slash the killer bee!
You kill the killer bee!
Okawaru accepts your kill.
You feel sick. The killer bee completely misses you.
The killer bee barely misses you. x2
The killer bee stings you but does no damage.
Training target 2.0 for Earth Magic reached!
Your Earth Magic skill increases to level 2!
You feel better. The killer bee closely misses you.
The killer bee barely misses you. The killer bee closely misses you.
The killer bee barely misses you.
You miss the killer bee. The killer bee closely misses you.
The killer bee misses you.
You hit the killer bee but do no damage.
The killer bee completely misses you. The killer bee stings you!
* * * LOW HITPOINT WARNING * * *
The killer bee stings you.
* * * LOW HITPOINT WARNING * * *
The killer bee stings you but does no damage.
You miss the killer bee. The killer bee completely misses you.
The killer bee barely misses you.
You barely miss the killer bee.
Your tail-slap misses the killer bee.
The killer bee stings you.
* * * LOW HITPOINT WARNING * * *
You are lethally poisoned!
The killer bee poisons you! The killer bee stings you.
* * * LOW HITPOINT WARNING * * *
The killer bee stings you.
* * * LOW HITPOINT WARNING * * *
The killer bee stings you but does no damage.
You closely miss the killer bee.
You die...

##. ####..#
#......###
#.......>## ##
#.........###
..##...........###
.............#†..##
#...........@#.y†##
#..........yy##...##
#...........##
##..###
#....).....##
#...#####
#.#..)....##
#<......# #..).<.##
#y....... #.....##
#..y..... ##..###
#....y... ####
#.y......


You could see 2 killer bees.

Vanquished Creatures
  Edmund (D:6)
  2 orc warriors
  4 ice beasts
  A black bear (D:6)
  A sky beast (D:7)
  2 ogres
  A phantom (D:6)
  2 bullfrogs
  2 scorpions
  8 killer bees
  8 hounds
  4 jellies
  2 gnoll boudas
  6 orc priests
  9 orc wizards
  Ijyb (D:4)
  Natasha (thrice) (D:4)
  2 iguanas
  9 gnolls
  9 adders
  A shadow imp (D:8)
  A white imp (D:6)
  A worm (D:3)
  3 dart slugs
  32 orcs
  8 ball pythons
  4 endoplasms
  2 giant cockroaches
  9 goblins
  13 hobgoblins
  3 jackals (D:3)
  5 kobolds
  5 quokkas
  6 bats
  8 frilled lizards
  8 rats
186 creatures vanquished.

Notes
Turn   | Place    | Note
-------+----------+-------------------------------------------
     0 | D:1      | Strat the Draconian Reaver began the quest for the Orb.
     0 | D:1      | Reached XP level 1. HP: 17/17 MP: 3/3
   169 | D:1      | Reached XP level 2. HP: 24/24 MP: 5/5
   183 | D:1      | Learned a level 2 spell: Momentum Strike
   251 | D:1      | Found Wokkehi's Book Shop.
   615 | D:1      | You fall into a shaft and drop 1 floor!
   729 | D:2      | Reached XP level 3. HP: 29/29 MP: 6/6
   961 | D:1      | Learned a level 3 spell: Hailstorm
  1185 | D:2      | Reached skill level 4 in Long Blades
  1301 | D:2      | Reached XP level 4. HP: 30/36 MP: 7/7
  1496 | D:3      | Found a sacrificial altar of Ru.
  1615 | D:3      | Noticed a scorpion
  1713 | D:3      | Found a radiant altar of Vehumet.
  1808 | D:3      | Found a runed translucent door.
  1813 | D:3      | Noticed a bullfrog
  1813 | D:3      | Noticed Darius099's ghost (amateur TrBe)
  1874 | D:3      | Found a runed translucent door.
  1948 | D:3      | Found a glowing golden altar of the Shining One.
  2088 | D:3      | Killed a scorpion
  2089 | D:3      | Reached XP level 5. HP: 36/41 MP: 5/8
  2621 | D:3      | Found a snail-covered altar of Cheibriados.
  2765 | D:4      | Reached skill level 5 in Long Blades
  2765 | D:4      | Reached skill level 5 in Conjurations
  2845 | D:4      | Reached XP level 6. HP: 48/48 MP: 6/9
  2863 | D:4      | Noticed Natasha
  2864 | D:4      | Killed Natasha
  3099 | D:4      | Reached skill level 6 in Long Blades
  3387 | D:4      | Noticed Ijyb
  3403 | D:4      | Killed Ijyb
  3494 | D:4      | Found a glowing silver altar of Zin.
  3505 | D:4      | Noticed Natasha
  3515 | D:4      | Killed Natasha
  3645 | D:4      | Found a staircase to the Ecumenical Temple.
  3649 | Temple   | Entered the Ecumenical Temple
  3691 | Temple   | Became a worshipper of Warmaster Okawaru
  3707 | D:4      | Your scales start taking on a golden yellow colour.
  3707 | D:4      | Reached XP level 7. HP: 18/54 MP: 6/10
  3707 | D:4      | Gained mutation: You are resistant to acid. (rCorr) [Yellow
                  | Draconian growth]
  3880 | D:4      | Noticed Natasha
  3898 | D:4      | Killed Natasha
  4320 | D:5      | Entered Level 5 of the Dungeon
  4467 | D:5      | Reached skill level 7 in Long Blades
  5005 | D:5      | Reached * piety under Okawaru
  5006 | D:5      | Reached skill level 5 in Fighting
  5109 | D:5      | Found a bloodstained altar of Trog.
  5112 | D:5      | Found a shadowy altar of Dithmenos.
  5113 | D:5      | Found a sparkling altar of Nemelex Xobeh.
  5116 | D:5      | Found a white marble altar of Elyvilon.
  5528 | D:6      | Noticed Sigmund
  5566 | D:6      | Reached XP level 8. HP: 68/68 MP: 11/11
  5573 | D:6      | Reached skill level 1 in Ice Magic
  5691 | D:6      | Reached skill level 8 in Long Blades
  5822 | D:6      | Noticed Edmund
  5833 | D:6      | Noticed a +0 hand axe
  5842 | D:6      | Noticed a +0 hand axe
  5845 | D:6      | Found a hide-covered altar of Uskayaw.
  5875 | D:6      | Reached ** piety under Okawaru
  6069 | D:6      | Killed Edmund
  6665 | D:7      | Reached skill level 9 in Long Blades
  6775 | D:7      | Reached XP level 9. HP: 40/74 MP: 12/12
  7242 | D:7      | Found a large runed translucent door.
  7242 | D:7      | Found a large runed translucent door.
  7250 | D:7      | Noticed ryw's ghost (novice GrFi)
  7262 | D:7      | Paralysed by an orc warrior for 3 turns
  7273 | D:7      | Paralysed by an orc warrior for 2 turns
  7278 | D:7      | Paralysed by an orc warrior for 5 turns
  7291 | D:7      | Paralysed by an orc warrior for 2 turns
  7617 | D:8      | Noticed Maurice
  8127 | D:7      | Found a shimmering blue altar of Sif Muna.
  8183 | D:7      | Reached skill level 5 in Dodging
  8331 | D:7      | Learned a level 3 spell: Stone Arrow
  8536 | D:7      | Reached skill level 1 in Earth Magic
  8617 | D:8      | Reached *** piety under Okawaru
  8672 | D:8      | HP: 2/74 [killer bee (2)]
  8673 | D:8      | Succumbed to a killer bee's poison

Illustrated notes

Levels and vault maps discovered:
D:1:      co_arrival_square_in_a_square_in_a_square, layout_loops_cross,
          serial_shops, shop
D:2:      layout_basic, grunt_ministairs_3, minmay_tiny_reverse_x
D:3:      layout_basic, mainiacjoe_overflow_catwalk, nicolae_vehumet_radiance,
          nicolae_ru_great_annihilating_truth, overflow_temple_1_default,
          ebering_ghost_sewer_f, kennysheep_generic_room_4
D:4:      layout_basic, zin_academy, minmay_temple_entry_grid, uniq_natasha,
          uniq_ijyb
D:5:      layout_gridville, minitemple
D:6:      cheibrodos_quashed, layout_rooms, dancing_weapons_uskayaw,
          uniq_sigmund, uniq_edmund
D:7:      layout_loops_ring, mainiacjoe_overflow_alcove_2,
          ebering_ghost_disaster_area, enter_bailey_4, minmay_misc_feat_square,
          hangedman_decor_slide_cut
D:8:      layout_cave_pods, minmay_tree_intersection, uniq_maurice
Temple:   minmay_freezing_vapour_temple

Skill      XL: |  1  2  3  4  5  6  7  8  9 |
---------------+----------------------------+-----
Long Blades    | 4 5 6 7 9 |  9.8
Conjurations   | 4 5 6 |  6.4
Fighting       | 3 5 |  5.0
Dodging        | 2 4 5 |  5.6
Ice Magic      | 1 |  1.0
Earth Magic    | 2 |  2.0
Spellcasting   | |  2.0

Action                   |  1- 3 |  4- 6 |  7- 9 || total
-------------------------+-------+-------+-------++-------
Melee: Falchion          |   113 |    58 |       ||   171
       Tailslap          |     7 |    15 |    44 ||    66
       Great sword       |       |    53 |   265 ||   318
 Cast: Momentum Strike   |     1 |    12 |    12 ||    25
       Kiss of Death     |       |     1 |     2 ||     3
  Use: Scroll            |       |     8 |     6 ||    14
       Potion            |       |       |     5 ||     5
 Stab: Invisible         |       |     1 |       ||     1
       Sleeping          |       |     1 |     2 ||     3
       Distracted        |       |       |     2 ||     2
Armor: Skin              |    25 |    37 |   109 ||   171
Dodge: Dodged            |    78 |    75 |   266 ||   419

Table legend: (Time is in decaauts)
 A = Elapsed time spent in this place.
 B = Non-inter-level travel time spent in this place.
 C = Inter-level travel time spent in this place.
 D = Time resting spent in this place.
 E = Time spent auto-exploring this place.
 F = Levels seen in this place.
 G = Mean time per level.
                   A        B        C        D        E       F      G
               +--------+--------+--------+--------+--------+-----+--------+
         Total |   8775 |   8457 |    318 |   1834 |   4515 |   9 |  975.0 |
       Dungeon |   8727 |   8413 |    314 |   1834 |   4515 |   8 | 1090.9 |
        Temple |     47 |     43 |      4 |      0 |      0 |   1 |   47.0 |
               +--------+--------+--------+--------+--------+-----+--------+

Top non-repeatable levels by time:
     D:3: 1594 daAuts
     D:7: 1526 daAuts
     D:4: 1242 daAuts
     D:6: 1165 daAuts
     D:5: 1111 daAuts
     D:1: 849 daAuts
     D:2: 643 daAuts
     D:8: 593 daAuts
  Temple: 47 daAuts
